PL
PHILADELPHIA 1776 BC @ LAS VEGAS FLAMINGOS
09/25/2037
 
TOP OF THE 1ST
Philadelphia 1776 BC batting - Pitching for Las Vegas Flamingos : RHP Nam-shik Kwak
Pitching: RHP Nam-shik Kwak
Batting: RHB Román Ramírez 0-0: Ball
1-0: Called Strike
1-1: DOUBLE (Groundball, 5L, EV 105.6 MPH)
Batting: RHB Mario Castillo 0-0: SINGLE (Groundball, 5D, EV 96.2 MPH)
Román Ramírez to third
Batting: LHB Jake Grant 0-0: Called Strike
0-1: SINGLE (Groundball, 5, EV 85.0 MPH) (infield hit)
Román Ramírez scores
Mario Castillo to second
Batting: RHB Karl Blanke 0-0: Ball
1-0: Swinging Strike
1-1: Called Strike
1-2: Ball
2-2: Ball
3-2: Base on Balls
Mario Castillo to third
Jake Grant to second
Batting: RHB Eddie Sachs 0-0: SINGLE (Flyball, 78S, EV 95.0 MPH)
Mario Castillo scores
Jake Grant to third
Karl Blanke to second
Batting: RHB Carlos Mendoza 0-0: SINGLE (Line Drive, 7LS, EV 92.5 MPH)
Jake Grant scores
Karl Blanke to third
Eddie Sachs to second
Runner from 3rd tries for Home, SAFE, throw by LF to home
Batting: RHB Arsenio Laurel 0-0: Swinging Strike
0-1: Swinging Strike
0-2: Ball
1-2: Ball
2-2: SINGLE (Line Drive, 6M, EV 105.6 MPH)
Eddie Sachs to third
Carlos Mendoza to second
Batting: RHB Gerold Olthof 0-0: Ball
1-0: SINGLE (Flyball, 78M, EV 85.0 MPH)
Eddie Sachs scores
Carlos Mendoza to third
Arsenio Laurel to second
Batting: RHB Mikko Haataja 0-0: Swinging Strike
0-1: Ball
1-1: Foul Ball, location: 2F
1-2: Ground out 5-3 (Groundball, 5S, EV 71.2 MPH)
Carlos Mendoza scores
Arsenio Laurel to third
Gerold Olthof to second
Batting: RHB Román Ramírez 0-0: Ball
1-0: Called Strike
1-1: Ground out 5-3 (Groundball, 56, EV 84.4 MPH)
Arsenio Laurel scores
Pitching: RHP Kagetoki Matsubara
Batting: RHB Mario Castillo 0-0: Fly out, F9 (Flyball, 9S, EV 83.1 MPH)
Top of the 1st over - 7 runs, 7 hits, 0 errors, 1 left on base; Philadelphia 1776 7 - Las Vegas 0
BOTTOM OF THE 1ST
Las Vegas Flamingos batting - Pitching for Philadelphia 1776 BC : RHP Blair Wright
Pitching: RHP Blair Wright
Batting: SHB Glyn Bolasky 0-0: Swinging Strike
0-1: Ball
1-1: Ball
2-1: Foul Ball, location: 2F
2-2: Strikes out swinging
Batting: RHB Sake van Arem 0-0: Ball
1-0: Ground out 5-3 (Groundball, 5L, EV 89.4 MPH)
Batting: LHB Ruud van Ineveld 0-0: Ground out 4-3 (Groundball, 4, EV 81.2 MPH)
Bottom of the 1st over - 0 runs, 0 hits, 0 errors, 0 left on base; Philadelphia 1776 7 - Las Vegas 0
TOP OF THE 2ND
Philadelphia 1776 BC batting - Pitching for Las Vegas Flamingos : RHP Kagetoki Matsubara
Batting: LHB Jake Grant 0-0: Ball
1-0: Called Strike
1-1: Ground out 4-3 (Groundball, 4, EV 83.8 MPH)
Batting: RHB Karl Blanke 0-0: Ball
1-0: Called Strike
1-1: Foul Ball, location: 2F
1-2: Foul Ball, location: 2F
1-2: DOUBLE (Line Drive, 7LM, EV 106.9 MPH)
Batting: RHB Eddie Sachs 0-0: Foul Ball, location: 2F
0-1: Ball
1-1: Foul Ball, location: 2F
1-2: Ground out 6-3 (Groundball, 6MS, EV 88.8 MPH)
Karl Blanke to third
Batting: RHB Carlos Mendoza 0-0: Called Strike
0-1: Ball
1-1: SINGLE (Groundball, 6D, EV 103.8 MPH)
Karl Blanke scores
Batting: RHB Arsenio Laurel 0-0: Swinging Strike
0-1: Ball
1-1: Called Strike
1-2: Foul Ball, location: 2F
1-2: Ball
2-2: Strikes out swinging
Top of the 2nd over - 1 run, 2 hits, 0 errors, 1 left on base; Philadelphia 1776 8 - Las Vegas 0
BOTTOM OF THE 2ND
Las Vegas Flamingos batting - Pitching for Philadelphia 1776 BC : RHP Blair Wright
Batting: RHB Baldomero Avino 0-0: Ball
1-0: Ball
2-0: Ball
3-0: Base on Balls
Batting: RHB Xavier Hernández 0-0: Foul Ball, location: 2F
0-1: Foul Ball, location: 2F
0-2: Ball
1-2: Ball
2-2: Ball
3-2: Fly out, F3 (Popup, 23F, EV 86.2 MPH)
Batting: LHB Victor Adams 0-0: Ball
1-0: Hit by Pitch
Baldomero Avino to second
Batting: RHB Joseph Papasogli 0-0: Called Strike
0-1: Foul Ball, location: 2F
0-2: Ball
1-2: SINGLE (Flyball, 89S, EV 90.0 MPH)
Baldomero Avino to third
Victor Adams to second
Runner from 3rd tries for Home, throw by RF and OUT! 9-2
Batting: RHB Sun-jae Kwak 0-0: Swinging Strike
0-1: Ball
1-1: Swinging Strike
1-2: Strikes out looking
Bottom of the 2nd over - 0 runs, 1 hit, 0 errors, 2 left on base; Philadelphia 1776 8 - Las Vegas 0
TOP OF THE 3RD
Philadelphia 1776 BC batting - Pitching for Las Vegas Flamingos : RHP Kagetoki Matsubara
Batting: RHB Gerold Olthof 0-0: Called Strike
0-1: Fly out, F4 (Popup, 3D, EV 59.4 MPH)
Batting: RHB Mikko Haataja 0-0: Ball
1-0: Called Strike
1-1: Called Strike
1-2: Strikes out swinging
Batting: RHB Román Ramírez 0-0: Called Strike
0-1: Fly out, F8 (Line Drive, 8RXD, EV 104.4 MPH)
Top of the 3rd over - 0 runs, 0 hits, 0 errors, 0 left on base; Philadelphia 1776 8 - Las Vegas 0
BOTTOM OF THE 3RD
Las Vegas Flamingos batting - Pitching for Philadelphia 1776 BC : RHP Blair Wright
Batting: RHB Shihei Kichikawa 0-0: Ball
1-0: Ground out 6-3 (Groundball, 6M, EV 88.8 MPH)
Batting: SHB Glyn Bolasky 0-0: Ball
1-0: Ball
2-0: Foul Ball, location: 2F
2-1: Called Strike
2-2: Fly out, F7 (Line Drive, 7, EV 93.8 MPH)
Batting: RHB Sake van Arem 0-0: Ball
1-0: Fly out, F9 (Line Drive, 9, EV 95.0 MPH)
Bottom of the 3rd over - 0 runs, 0 hits, 0 errors, 0 left on base; Philadelphia 1776 8 - Las Vegas 0
TOP OF THE 4TH
Philadelphia 1776 BC batting - Pitching for Las Vegas Flamingos : RHP Kagetoki Matsubara
Batting: RHB Mario Castillo 0-0: Ball
1-0: SINGLE (Flyball, 89M, EV 88.1 MPH)
Batting: LHB Jake Grant Pickoff Throw to First - Out! 1-3
0-0: Ball
1-0: Foul Ball, location: 2F
1-1: Foul Ball, location: 2F
1-2: Strikes out looking
Batting: RHB Karl Blanke 0-0: Swinging Strike
0-1: Ball
1-1: Ball
2-1: Ball
3-1: Foul Ball, location: 2F
3-2: Base on Balls
Batting: RHB Eddie Sachs 0-0: Fielders Choice at 2nd, 6-4 (Groundball, 6, EV 87.5 MPH)
Top of the 4th over - 0 runs, 1 hit, 0 errors, 1 left on base; Philadelphia 1776 8 - Las Vegas 0
BOTTOM OF THE 4TH
Las Vegas Flamingos batting - Pitching for Philadelphia 1776 BC : RHP Blair Wright
Batting: LHB Ruud van Ineveld 0-0: Fly out, F2 (Popup, 25F, EV 81.9 MPH)
Batting: RHB Baldomero Avino 0-0: Ball
1-0: Ball
2-0: Foul Ball, location: 2F
2-1: Foul Ball, location: 2F
2-2: Foul Ball, location: 2F
2-2: Foul Ball, location: 2F
2-2: Foul Ball, location: 2F
2-2: Strikes out swinging
Batting: RHB Xavier Hernández 0-0: Ball
1-0: Foul Ball, location: 2F
1-1: Foul Ball, location: 2F
1-2: Foul Ball, location: 2F
1-2: Foul Ball, location: 2F
1-2: Ground out 4-3 (Groundball, 4M, EV 101.9 MPH)
Bottom of the 4th over - 0 runs, 0 hits, 0 errors, 0 left on base; Philadelphia 1776 8 - Las Vegas 0
TOP OF THE 5TH
Philadelphia 1776 BC batting - Pitching for Las Vegas Flamingos : RHP Kagetoki Matsubara
Batting: RHB Carlos Mendoza 0-0: Swinging Strike
0-1: Ball
1-1: Foul Ball, location: 2F
1-2: Ball
2-2: Fly out, F8 (Flyball, 78M, EV 98.8 MPH)
Batting: RHB Arsenio Laurel 0-0: Called Strike
0-1: Ball
1-1: Foul Ball, location: 2F
1-2: Ball
2-2: Fly out, F8 (Flyball, 8LXD, EV 100.6 MPH)
Batting: RHB Gerold Olthof 0-0: Swinging Strike
0-1: Foul Ball, location: 2F
0-2: Strikes out swinging
Top of the 5th over - 0 runs, 0 hits, 0 errors, 0 left on base; Philadelphia 1776 8 - Las Vegas 0
BOTTOM OF THE 5TH
Las Vegas Flamingos batting - Pitching for Philadelphia 1776 BC : RHP Blair Wright
Batting: LHB Victor Adams 0-0: Called Strike
0-1: Fly out, F5 (Popup, 5SF, EV 79.4 MPH)
Batting: RHB Joseph Papasogli 0-0: Called Strike
0-1: Foul Ball, location: 2F
0-2: Ball
1-2: Ball
2-2: Ball
3-2: SINGLE (Groundball, 56D, EV 97.5 MPH)
Batting: RHB Sun-jae Kwak 0-0: Ball
1-0: Ball
2-0: Fly out, F8 (Flyball, 8RM, EV 80.0 MPH)
Batting: RHB Shihei Kichikawa 0-0: Ball
1-0: Called Strike
1-1: Foul Ball, location: 2F
1-2: Ball
2-2: Foul Ball, location: 2F
2-2: Strikes out swinging
Bottom of the 5th over - 0 runs, 1 hit, 0 errors, 1 left on base; Philadelphia 1776 8 - Las Vegas 0
TOP OF THE 6TH
Philadelphia 1776 BC batting - Pitching for Las Vegas Flamingos : RHP Kagetoki Matsubara
Pitching: LHP Pedro Ortíz
Batting: RHB Mikko Haataja 0-0: Foul Ball, location: 2F
0-1: Ball
1-1: Called Strike
1-2: Ball
2-2: Ball
3-2: Fly out, F6 (Line Drive, 6, EV 65.0 MPH)
Batting: RHB Román Ramírez 0-0: Swinging Strike
0-1: Ball
1-1: Ball
2-1: Ball
3-1: Swinging Strike
3-2: Foul Ball, location: 2F
3-2: Fly out, F8 (Line Drive, 8LD, EV 108.8 MPH)
Batting: RHB Mario Castillo 0-0: Foul Ball, location: 2F
0-1: DOUBLE (Flyball, 8LXD, EV 96.2 MPH)
Batting: LHB Jake Grant 0-0: Ball
1-0: Ball
2-0: Ball
3-0: Called Strike
3-1: Foul Ball, location: 2F
3-2: Ground out 5-3 (Groundball, 56, EV 99.4 MPH)
Top of the 6th over - 0 runs, 1 hit, 0 errors, 1 left on base; Philadelphia 1776 8 - Las Vegas 0
BOTTOM OF THE 6TH
Las Vegas Flamingos batting - Pitching for Philadelphia 1776 BC : RHP Blair Wright
Batting: SHB Glyn Bolasky 0-0: Ball
1-0: Ball
2-0: Foul Ball, location: 2F
2-1: Fly out, F7 (Flyball, 78S, EV 80.6 MPH)
Batting: RHB Sake van Arem 0-0: Fly out, F7 (Line Drive, 7, EV 97.5 MPH)
Batting: LHB Ruud van Ineveld 0-0: Called Strike
0-1: Ball
1-1: Foul Ball, location: 2F
1-2: Ball
2-2: Strikes out looking
Bottom of the 6th over - 0 runs, 0 hits, 0 errors, 0 left on base; Philadelphia 1776 8 - Las Vegas 0
TOP OF THE 7TH
Philadelphia 1776 BC batting - Pitching for Las Vegas Flamingos : LHP Pedro Ortíz
Batting: RHB Karl Blanke 0-0: Called Strike
0-1: Foul Ball, location: 2F
0-2: Foul Ball, location: 2F
0-2: Ball
1-2: Foul Ball, location: 2F
1-2: TRIPLE (Line Drive, 78XD, EV 103.1 MPH)
Pinch Hitting: LHB Kelvin Abbott 0-0: Called Strike
0-1: Ground out 5-3 (Groundball, 5, EV 108.1 MPH)
Batting: RHB Carlos Mendoza 0-0: Fly out, F7 (Flyball, 7S, EV 80.6 MPH)
Pinch Hitting: RHB Jesús Guzmán 0-0: Ball
1-0: Ground out U3 (Groundball, 34, EV 110.6 MPH)
Top of the 7th over - 0 runs, 1 hit, 0 errors, 1 left on base; Philadelphia 1776 8 - Las Vegas 0
BOTTOM OF THE 7TH
Las Vegas Flamingos batting - Pitching for Philadelphia 1776 BC : RHP Blair Wright
Now at 1B: Phil Moore
Now in RF: Jesús Guzmán
Batting: RHB Baldomero Avino 0-0: Ball
1-0: Foul Ball, location: 2F
1-1: Ball
2-1: Ground out 5-3 (Groundball, 56, EV 105.6 MPH)
Batting: RHB Xavier Hernández 0-0: Called Strike
0-1: Ball
1-1: Foul Ball, location: 2F
1-2: Strikes out looking
Batting: LHB Victor Adams 0-0: Ball
1-0: Swinging Strike
1-1: Foul Ball, location: 2F
1-2: Ball
2-2: Strikes out swinging
Bottom of the 7th over - 0 runs, 0 hits, 0 errors, 0 left on base; Philadelphia 1776 8 - Las Vegas 0
TOP OF THE 8TH
Philadelphia 1776 BC batting - Pitching for Las Vegas Flamingos : LHP Pedro Ortíz
Batting: RHB Gerold Olthof 0-0: Swinging Strike
0-1: Swinging Strike
0-2: Strikes out swinging
Batting: RHB Mikko Haataja 0-0: Foul Ball, location: 2F
0-1: Ground out 6-3 (Groundball, 6, EV 90.0 MPH)
Batting: RHB Román Ramírez 0-0: Ball
1-0: Ball
2-0: Ball
3-0: Called Strike
3-1: Swinging Strike
3-2: Foul Ball, location: 2F
3-2: SINGLE (Groundball, 3D, EV 104.4 MPH)
Batting: RHB Mario Castillo 0-0: Swinging Strike
0-1: Called Strike
0-2: Foul Ball, location: 2F
0-2: Reached via error on a dropped throw from P, E3 (Groundball, 34S, EV 61.2 MPH)
Román Ramírez to second
Batting: LHB Jake Grant 0-0: Called Strike
0-1: DOUBLE (Line Drive, 78D, EV 114.4 MPH)
Román Ramírez scores
Mario Castillo to third
Runner from 3rd tries for Home, SAFE, no throw by LF
Batting: RHB Karl Blanke 0-0: Foul Ball, location: 2F
0-1: Called Strike
0-2: SINGLE (Groundball, 34D, EV 102.5 MPH)
Jake Grant to third
Runner from 3rd tries for Home, SAFE, no throw by RF
Batting: RHB Phil Moore 0-0: Swinging Strike
0-1: Ball
1-1: Foul Ball, location: 2F
1-2: Fielders Choice at 2nd, 6-4 (Groundball, 56, EV 86.9 MPH)
Top of the 8th over - 3 runs, 3 hits, 1 error, 1 left on base; Philadelphia 1776 11 - Las Vegas 0
BOTTOM OF THE 8TH
Las Vegas Flamingos batting - Pitching for Philadelphia 1776 BC : RHP Blair Wright
Batting: RHB Joseph Papasogli 0-0: Called Strike
0-1: Swinging Strike
0-2: Ground out 5-3 (Groundball, 56, EV 85.6 MPH)
Batting: RHB Sun-jae Kwak 0-0: Ball
1-0: Ball
2-0: Ball
3-0: Called Strike
3-1: Base on Balls
Batting: RHB Shihei Kichikawa 0-0: Foul Ball, location: 2F
0-1: Foul Ball, location: 2F
0-2: Ball
1-2: Grounds into double play, 6-4-3 (Groundball, 6, EV 86.9 MPH)
Bottom of the 8th over - 0 runs, 0 hits, 0 errors, 0 left on base; Philadelphia 1776 11 - Las Vegas 0
TOP OF THE 9TH
Philadelphia 1776 BC batting - Pitching for Las Vegas Flamingos : LHP Pedro Ortíz
Pitching: RHP Ieyoshi Asai
Batting: RHB Carlos Mendoza 0-0: Called Strike
0-1: Ball
1-1: Called Strike
1-2: Strikes out swinging
Batting: RHB Jesús Guzmán 0-0: Foul Ball, location: 2F
0-1: Foul Ball, location: 2F
0-2: Ground out 4-3 (Groundball, 4, EV 104.4 MPH)
Pinch Hitting: RHB Kevin Malone 0-0: Called Strike
0-1: SINGLE (Groundball, 56D, EV 110.0 MPH)
Batting: RHB Mikko Haataja 0-0: Ball
1-0: Called Strike
1-1: Ground out 6-3 (Groundball, 6MS, EV 86.9 MPH)
Top of the 9th over - 0 runs, 1 hit, 0 errors, 1 left on base; Philadelphia 1776 11 - Las Vegas 0
BOTTOM OF THE 9TH
Las Vegas Flamingos batting - Pitching for Philadelphia 1776 BC : RHP Blair Wright
Now at C: Kevin Malone
Batting: SHB Glyn Bolasky 0-0: Swinging Strike
0-1: Ball
1-1: Swinging Strike
1-2: Ball
2-2: Strikes out swinging, 2-3 out at first.
Pitching: RHP Jay Mahabir
Batting: RHB Sake van Arem 0-0: Foul Ball, location: 2F
0-1: SINGLE (Line Drive, 8RS, EV 91.2 MPH)
Batting: LHB Ruud van Ineveld 0-0: Ball
1-0: Ball
2-0: Foul Ball, location: 2F
2-1: DOUBLE (Groundball, 3L, EV 100.6 MPH)
Sake van Arem to third
Batting: RHB Baldomero Avino 0-0: Called Strike
0-1: Swinging Strike
0-2: Ball
1-2: Foul Ball, location: 2F
1-2: Ball
2-2: Fly out, F9 (Flyball, 9S, EV 91.9 MPH)
Batting: RHB Xavier Hernández 0-0: Called Strike
0-1: Called Strike
0-2: Ball
1-2: Foul Ball, location: 2F
1-2: Foul Ball, location: 2F
1-2: Strikes out swinging
Bottom of the 9th over - 0 runs, 2 hits, 0 errors, 2 left on base; Philadelphia 1776 11 - Las Vegas 0
Thursday, January 23rd, 2020 - OOTP Baseball 20.8 Build 74